Map: Neon Violet Square LE

Players

SamuraiFunn - Winner!

  • Race: Protoss Protoss
  • League: Platinum
  • Spawn Location: 11:00

A.I. 1 (Very Hard)

  • Race: Terran Terran
  • Spawn Location: 5:00

VOD

Have the link to the VOD?

Description

Time

  • Played on: Dec. 1, 2017, 11:40 p.m.
  • Length: 12:36
Show
View Real Time Build Order
Export as new Build Order

SamuraiFunn Protoss - Winner!

Build Orders: Oracle Opening 

Get SALT Encoding   

  12  0:01  Probe  
  13  0:13  Probe  
  14  0:22  Pylon  
  14  0:25  Probe  
  15  0:40  Probe (Chrono Boost)  
  16  0:48  Gateway  
  17  0:51  Probe (Chrono Boost)  
  17  0:54  Probe  
  18  1:03  Assimilator  
  18  1:06  Probe  
  19  1:18  Probe  
  19  1:22  Pylon  
  20  1:31  Probe  
  21  1:37  Assimilator  
  21  1:43  Probe  
  24  1:47  Zealot (Chrono Boost)  
  24  1:48  Cybernetics Core  
  24  1:57  Probe  
  25  2:09  Probe  
  26  2:21  Probe  
  27  2:28  Stargate  
  27  2:33  Nexus  
  27  2:40  Probe, Pylon  
  28  2:46  Warp Gate  
  28  2:52  Probe  
  29  3:02  Assimilator  
  29  3:04  Probe  
  30  3:18  Gateway  
  33  3:24  Oracle (Chrono Boost)  
  33  3:28  Probe  
  33  3:33  Assimilator  
  34  3:40  Probe  
  35  3:50  Probe  
  35  3:52  Probe  
  40  3:57  Oracle  
  40  4:02  Probe  
  41  4:08  Probe  
  42  4:19  Probe  
  43  4:36  Probe x2  
  48  4:38  Gateway  
  48  4:40  Oracle  
  48  4:48  Probe  
  49  5:03  Pylon  
  49  5:07  Probe  
  49  5:08  Probe  
  49  5:12  Zealot  
  53  5:19  Probe, Pylon  
  53  5:21  Probe  
  55  5:22  Pylon  
  55  5:25  Pylon  
  55  5:32  Probe  
  55  5:33  Probe  
  57  5:44  Probe  
  57  5:45  Probe  
  57  5:49  Zealot x2  
  66  5:51  Oracle  
  66  6:00  Gateway  
  66  6:01  Gateway  
  66  6:03  Gateway  
  66  6:05  Probe x2, Twilight Council  
  68  6:14  Zealot  
  68  6:15  Zealot x2  
  77  6:34  Oracle  
  74  7:02  Probe x2  
  74  7:04  Zealot x2  
  74  7:05  Zealot  
  74  7:07  Charge (Chrono Boost)  
  82  7:11  Void Ray  
  86  7:17  Stargate  
  86  7:18  Stargate  
  86  7:22  Pylon  
  86  7:23  Pylon  
  86  7:26  Pylon  
  86  7:28  Pylon  
  86  7:32  Pylon  
  86  7:39  Nexus  
  86  7:40  Probe x2  
  86  7:42  Pylon  
  86  7:43  Pylon  
  88  7:46  Pylon  
  88  7:49  Assimilator  
  88  7:52  Probe x2, Assimilator  
  89  8:29  Zealot x4  
  89  8:30  Zealot x2  
  89  8:34  Void Ray x2  
  109  8:56  Blink  
  109  8:58  Zealot  
  109  8:59  Zealot x5  
  121  9:17  Void Ray x2  
  99  9:30  Stalker x2  
  99  9:31  Stalker x4  
  98  9:59  Void Ray x2  
  106  10:16  Nexus  
  106  10:18  Pylon  
  106  10:20  Pylon, Stargate x2  
  106  10:22  Pylon  
  106  10:36  Stalker x3  
  106  10:37  Stalker  
  106  10:38  Zealot x2  
  106  10:42  Void Ray x2  
  126  11:05  Void Ray x2  
  116  11:47  Void Ray x2  
  122  12:03  Stalker  
  122  12:04  Stalker  
  122  12:05  Stalker x4  
Show
View Real Time Build Order
Export as new Build Order

A.I. 1 (Very Hard) Terran 

Build Orders: MMM Bio 

Get SALT Encoding   

  12  0:00  SCV  
  13  0:13  SCV  
  14  0:20  Supply Depot  
  14  0:25  SCV  
  15  0:42  SCV  
  16  0:54  SCV  
  16  0:56  Refinery  
  17  0:58  Barracks  
  17  1:06  SCV  
  18  1:18  SCV  
  19  1:29  Command Center  
  19  1:41  Supply Depot  
  19  1:42  SCV  
  19  1:46  Marine  
  21  2:00  Factory  
  21  2:13  Barracks  
  21  2:15  SCV  
  22  2:18  Marine  
  23  2:27  SCV  
  24  2:32  Supply Depot  
  24  2:38  Marine  
  24  2:39  SCV  
  26  2:46  Factory Tech Lab  
  26  2:48  SCV  
  27  2:59  Orbital Command  
  27  3:06  Marine, Refinery  
  28  3:15  Orbital Command  
  28  3:17  Marine  
  29  3:24  Marine  
  29  3:25  SCV  
  31  3:35  Marine  
  31  3:37  SCV  
  31  3:41  SCV  
  34  3:42  Marine  
  35  3:49  SCV  
  35  3:53  SCV, Marine, Barracks  
  38  4:01  Barracks Tech Lab, SCV  
  36  4:05  SCV  
  33  4:12  Barracks Tech Lab  
  33  4:13  SCV  
  34  4:17  SCV  
  35  4:25  SCV  
  35  4:26  Starport  
  35  4:29  SCV  
  37  4:37  Marine  
  37  4:38  SCV  
  39  4:40  Marine  
  39  4:41  SCV  
  39  4:50  SCV  
  38  4:53  SCV  
  38  4:55  Stimpack  
  39  5:00  Combat Shields  
  39  5:02  SCV  
  39  5:05  SCV, Marauder  
  43  5:10  Supply Depot  
  43  5:14  SCV, Marauder  
  46  5:17  SCV  
  46  5:19  Marine  
  48  5:26  SCV, Marauder  
  48  5:30  SCV  
  48  5:35  Marauder  
  44  5:38  SCV, Barracks Reactor  
  44  5:41  Viking  
  44  5:42  SCV  
  48  5:48  Marauder  
  50  5:50  SCV  
  50  5:54  SCV  
  50  5:56  Marauder  
  54  5:58  Supply Depot  
  54  6:02  SCV  
  55  6:06  SCV  
  55  6:09  Marauder  
  58  6:14  SCV, Marine  
  58  6:18  Marauder  
  62  6:19  SCV, Viking  
  62  6:24  Supply Depot  
  64  6:26  SCV  
  64  6:32  SCV  
  66  6:38  SCV  
  58  6:44  SCV  
  58  6:45  Marine  
  54  6:49  Marauder, Viking  
  54  6:51  SCV  
  59  6:56  SCV  
  59  7:03  SCV  
  59  7:04  Marauder  
  59  7:08  SCV  
  63  7:15  SCV  
  64  7:20  SCV, Siege Tank  
  68  7:27  SCV  
  69  7:32  SCV  
  69  7:34  Supply Depot  
  70  7:39  SCV  
  71  7:44  SCV  
  71  7:49  Concussive Shells  
  72  7:51  SCV  
  72  7:52  Siege Tank  
  72  7:56  SCV  
  77  7:59  Supply Depot  
  77  8:03  SCV  
  71  8:08  SCV  
  68  8:15  SCV  
  69  8:20  SCV  
  68  8:27  SCV  
  68  8:33  SCV  
  65  8:39  SCV  
  61  8:45  SCV  
  62  8:52  SCV, Viking  
  65  8:57  SCV  
  66  9:04  SCV  
  66  9:09  SCV  
  68  9:13  Marine  
  68  9:15  Marine  
  68  9:16  SCV  
  58  9:19  Marine  
  58  9:23  Marine  
  57  9:29  SCV  
  57  9:31  Marine  
  48  9:34  Marine  
  48  9:37  Marine  
  41  9:41  Marine  
  37  9:49  Marauder  
  39  9:57  Marine  
  39  9:59  Marauder  
  42  10:01  Marine  
  43  10:09  SCV  
  43  10:11  Marauder  
  46  10:16  SCV  
  46  10:20  Marauder  
  49  10:21  SCV  
  49  10:28  SCV  
  51  10:32  Marine, Marauder  
  51  10:33  SCV  
  55  10:40  SCV, Marine  
  55  10:42  Marauder  
  59  10:45  SCV  
  59  10:52  SCV  
  59  10:53  Marauder  
  62  10:57  SCV  
  62  11:03  Marauder  
  56  11:04  SCV  
  56  11:06  Marine  
  56  11:07  Marine  
  56  11:10  SCV  
  57  11:14  Marine  
  57  11:16  SCV  
  59  11:22  SCV, Viking  
  62  11:28  SCV  
  62  11:29  Marauder  
  62  11:34  SCV  
  62  11:39  Marine  
  50  11:42  Marine  
  33  11:47  Marine  
  33  11:50  Marine  
  16  12:08  SCV  
  3  12:20  SCV  
Tags
 
Composition
MMM Bio
League
Platinum
Matchup
PvT
Replay Pack
First 100 games
Spawn Locations
Cross Positions
Add a new tag
Caveats
  • Supply blocks, unpowered buildings, or Contaminate may cause inaccurate times.
  • Supply counts are checked every 10 seconds.